 Dungeon Crawl Stone Soup version 0.29-a0-330-g52719c12eb (webtiles) character file.

Game seed: 11657842049381177522

9 kae the Firebug (level 1, 0/14 HPs)
             Began as a Demigod Fire Elementalist on Apr 23, 2022.
             Slain by a gnoll
             ... wielding a +0 flail
              (3 damage)
             ... on level 1 of the Dungeon.
             The game lasted 00:00:11 (480 turns).

kae the Firebug (Demigod Fire Elementalist)          Turns: 480, Time: 00:00:11

Health: 0/14       AC:  2    Str:  9    XL:     1   Next: 93%
Magic:  0/5        EV: 12    Int: 17    God:
Gold:   31         SH:  0    Dex: 14    Spells: 3/4 levels left

rFire   . . .      SeeInvis .   (no weapon)
rCold   . . .      Faith    .   (no shield)
rNeg    . . .      Spirit   .   a - +0 robe
rPois   .          Reflect  .   (no helmet)
rElec   .          Harm     .   (no cloak)
rCorr   .          Rampage  .   (no gloves)
Will    .....                   (no boots)
Stlth   ++........              (no amulet)
HPRegen 0.04/turn               (no ring)
MPRegen 0.09/turn               (no ring)

@: no status effects
A: high MP 1, forlorn, divine attributes
a: no special abilities


You were on level 1 of the Dungeon.
You visited 1 branch of the dungeon, and saw 1 of its levels.

You collected 31 gold pieces.

Inventory:

Armour
 a - a +0 robe (worn)
Scrolls
 d - 3 scrolls of identify {unknown}
Potions
 b - a potion of magic
 c - 2 potions of curing {unknown}


   Skills:
 - Level 1.7 Dodging
 - Level 1.7 Stealth
 + Level 2.0 Spellcasting
 + Level 1.1 Conjurations
 * Level 3.0 Fire Magic


You had 3 spell levels left.
You knew the following spells:

 Your Spells              Type           Power      Damage    Failure   Level
a - Foxfire               Conj/Fire      32%        2x1d5     9%          1

Your spell library contained the following spells:

 Spells                   Type           Power      Damage    Failure   Level
 Scorch                   Fire           24%        2d6       9%          2
 Conjure Flame            Conj/Fire      8%         6-21      24%         3
 Inner Flame              Hex/Fire       6%         N/A       30%         3
 Flame Wave               Conj/Fire      8%         2d5       63%         4


Dungeon Overview and Level Annotations

Branches:
Dungeon (1/15)


Innate Abilities, Weirdness & Mutations

You have an increased reservoir of magic. (+10% MP)
You shall have no god before yourself.
Your divine heritage dramatically boosts your attributes as you level up.


Message History

The ball python hisses angrily.
The kobold hits you but does no damage.
The foxfire hits the kobold.
The kobold is severely wounded.
The foxfire hits the kobold.
You kill the kobold!
Your Spellcasting skill increases to level 2!
There are monsters nearby!
There are monsters nearby!
Casting: Foxfire (safe; 9% risk of failure)
Confirm with . or Enter, or press ? or * to list all spells.
You conjure some foxfire!
The foxfire hits the gnoll.
The gnoll is moderately wounded.
The foxfire hits the gnoll.
The gnoll is heavily wounded.
Casting: Foxfire (safe; 9% risk of failure)
Confirm with . or Enter, or press ? or * to list all spells.
You conjure some foxfire!
The gnoll misses you.
The foxfire hits the gnoll.
The gnoll is severely wounded.
The foxfire hits the ball python.
The ball python is severely wounded.
The ball python bites you but does no damage.
The ball python grabs you. The ball python constricts you.
The gnoll hits you with a +0 flail.
Casting: Foxfire (safe; 9% risk of failure)
Confirm with . or Enter, or press ? or * to list all spells.
You conjure some foxfire!
The ball python barely misses you. The ball python constricts you.
* * * LOW HITPOINT WARNING * * *
The gnoll hits you with a +0 flail.
* * * LOW HITPOINT WARNING * * *
The ball python barely misses you. The ball python constricts you.
The foxfire hits the gnoll but does no damage.
The gnoll is severely wounded.
The foxfire hits the ball python.
You kill the ball python!
The gnoll hits you with a +0 flail.
You die...

####...#......
######..#...............
........................
..)......##.##..........
.........##.# ..........
#######..##.# #...8..8..
#..##.# #.........
#...#.# #§.)......
#.#.#.###♣@g∩..∩..
#.#...##..........
#......'..........
####..##.♣..∩.._..
#..##.......###
#..##.........
#..#####....### #..#
##### #.>.


You could see a gnoll.

Vanquished Creatures
  An endoplasm (D:1)
  3 kobolds (D:1)
  5 ball pythons (D:1)
9 creatures vanquished.

Vanquished Creatures (others)
  29 foxfires (D:1)
29 creatures vanquished.

Grand Total: 38 creatures vanquished

Notes
Turn   | Place    | Note
-------+----------+-------------------------------------------
     0 | D:1      | kae the Demigod Fire Elementalist began the quest for the
                  | Orb.
     0 | D:1      | Reached XP level 1. HP: 14/14 MP: 5/5
   158 | D:1      | Reached skill level 1 in Conjurations
   473 | D:1      | Reached skill level 3 in Fire Magic
   480 | D:1      | Slain by a gnoll

Illustrated notes

Levels and vault maps discovered:
D:1:      dpeg_arrival_brainrot, layout_basic,
          hellmonk_ecumenical_altar_arch_garden

Skill      XL: |  1 |
---------------+----+-----
Conjurations   | 1 |  1.1
Fire Magic     | 3 |  3.0
Spellcasting   | 2 |  2.0
Dodging        | |  1.7
Stealth        | |  1.7

Action                   || total
-------------------------++-------
 Cast: Foxfire           ||    16
Armor: Robe              ||     3
Dodge: Dodged            ||     9

Table legend: (Time is in decaauts)
 A = Elapsed time spent in this place.
 B = Non-inter-level travel time spent in this place.
 C = Inter-level travel time spent in this place.
 D = Time resting spent in this place.
 E = Time spent auto-exploring this place.
 F = Levels seen in this place.
 G = Mean time per level.
                   A        B        C        D        E       F      G
               +--------+--------+--------+--------+--------+-----+--------+
         Total |    480 |    480 |      0 |      0 |    431 |   1 |  480.0 |
       Dungeon |    480 |    480 |      0 |      0 |    431 |   1 |  480.0 |
               +--------+--------+--------+--------+--------+-----+--------+

Top non-repeatable levels by time:
     D:1: 480 daAuts
